Selects Panzerjäger Kommand Battlegroup
Selects Blockade Equipment
Construct Light Support Kompanie
Construct Mechanized Kompanie
Marder III Tank Destroyer
Selects Defensive Positions
Construct Panzerarmee Kommand
Selects Butterfly Bomb Drop
Walking Stuka Rocket Launcher
Flak 36 Anti-tank Gun Team
Selects Crew Shock Tactics
Selects Anti-tank Overwatch
18-tonne Recovery Half-track
Flak 36 Anti-tank Gun Team